 Dungeon Crawl Stone Soup version 0.22-a0-348-gd16d139 (webtiles) character file.

2708 nikopol the Thaumaturge (level 9, -4/46 HPs)
             Began as a Deep Elf Fire Elementalist on Apr 8, 2018.
             Was a Believer of Vehumet.
             Slain by a hornet (13 damage)
             ... while paralysed by a hornet
             ... on level 7 of the Dungeon on Apr 9, 2018.
             The game lasted 00:34:05 (6950 turns).

nikopol the Thaumaturge (DEFE)                      Turns: 6950, Time: 00:34:06

Health: -4/46      AC:  3    Str:  5    XL:     9   Next: 39%
Magic:  20/25      EV:  2    Int: 28    God:    Vehumet [**....]
Gold:   456        SH:  0    Dex: 15    Spells: 13/28 levels left

rFire    . . .     SeeInvis .   (no weapon)
rCold    . . .     Gourm    .   A - +0 buckler (curse)
rNeg     . . .     Faith    .   a - +0 robe
rPois    .         Spirit   .   (no helmet)
rElec    .         Reflect  .   d - scarf {cloud immunity}
rCorr    .         Harm     .   l - +0 pair of gloves
MR       .....                  (no boots)
Stlth    +++.......             n - amulet of regeneration
HPRegen  0.55/turn              v - +4 ring of intelligence
MPRegen  0.19/turn              (no ring)

@: paralysed, slowed
A: no striking features
a: Renounce Religion


You were on level 7 of the Dungeon.
You worshipped Vehumet.
Vehumet was pleased with you.
You were not hungry.

You visited 1 branch of the dungeon, and saw 7 of its levels.

You collected 456 gold pieces.

Inventory:

Armour
 a - a +0 robe (worn)
 d - a scarf of cloud immunity (worn)
 l - a +0 pair of gloves (worn)
 A - a cursed +0 buckler (worn)
Jewellery
 n - an amulet of regeneration (around neck)
 v - a +4 ring of intelligence (left hand)
 y - an uncursed amulet of guardian spirit {unknown}
 C - a +2 ring of strength {unknown}
 E - an uncursed amulet of the acrobat {unknown}
Wands
 z - a wand of disintegration (6)
Scrolls
 b - 2 scrolls of teleportation
 f - 2 scrolls of magic mapping {unknown}
 h - 5 scrolls of remove curse {unknown}
 k - 3 scrolls of noise {unknown}
 m - 4 scrolls of identify {unknown}
 r - a scroll of blinking {unknown}
 s - a scroll of fog {unknown}
 u - a scroll of fear {unknown}
 w - a scroll of enchant weapon {unknown}
 x - 2 scrolls of enchant armour {unknown}
 B - a scroll of vulnerability {unknown}
 D - a scroll of holy word {unknown}
Potions
 e - a potion of flight {unknown}
 g - 2 potions of degeneration {unknown}
 i - 4 potions of curing
 j - a potion of agility {unknown}
 o - a potion of berserk rage {unknown}
 p - a potion of lignification {unknown}
 q - a potion of resistance {unknown}
 t - a potion of haste {unknown}
 F - a potion of cancellation {unknown}
Comestibles
 c - 24 rations


   Skills:
 + Level 0.5 Fighting
 + Level 3.3 Dodging
 + Level 4.2 Stealth
 * Level 2.4 Shields
 + Level 10.2 Spellcasting
 + Level 7.2 Conjurations
 + Level 8.0 Fire Magic


You had 13 spell levels left.
You knew the following spells:

 Your Spells              Type           Power        Failure   Level  Hunger
a - Flame Tongue          Conj/Fire      #####        1%          1    None
b - Throw Flame           Conj/Fire      ######       1%          2    None
c - Conjure Flame         Conj/Fire      ######..     1%          3    None
d - Sticky Flame          Conj/Fire      ######..     1%          4    None
e - Fireball              Conj/Fire      ######....   5%          5    ###....


Dungeon Overview and Level Annotations

Branches:
Dungeon (7/15)             Temple (0/1) D:4

Altars:
Cheibriados
Dithmenos
Fedhas
Gozag
Hepliaklqana
Makhleb
Qazlal
Vehumet
Xom
Yredelemnul
Zin

Shops:
D:4 *


Message History

The sticky flame hits the hornet.
The hornet is lightly wounded.
The hornet is covered in liquid flames!
The hornet burns!
The hornet stings you!
You suddenly lose the ability to move!
The hornet burns!
The hornet stings you!
* * * LOW HITPOINT WARNING * * *
You are poisoned.
You feel yourself slow down. The hornet stings you.
* * * LOW HITPOINT WARNING * * *
You are lethally poisoned!
You feel as though you will be slow longer.
You can move again.
It was a potion of curing.
You feel better.
The hornet burns!
The hornet misses you.
The hornet stings you but does no damage.
The hornet burns! x2; The hornet closely misses you.
The hornet burns!
The hornet stings you.
* * * LOW HITPOINT WARNING * * *
You suddenly lose the ability to move!
The hornet stings you!
You die...

#######################
#.#.#.#.#.#.#.#.#.#.#.##
#.#.#.#.#.#.#.#.#.#.#.#
#(#.#/#.#.#.#.#.#.#.###
#.#.#.#.#.#.#.#.#.#.).
#.#.#.#.#.#.#.#.#....
#.<.#.#.#.#.#.#.#...
#.#y#.#.#.#.#.#.#..##
#.#.#@#.#.#.#.#.#.#.#.
#.#.#.#.#.#.#.#.#.#..#.
#.#.#.#.#.#.#.#.#.#.#.#.
#.#.#.#.#.#.#.#.#.#.#..##
.#.#.#.#.#.#.#.#.#.#.#...
#.#.#.#.#.#.#.#.#.#.#.###
.#.#.#.#.#.#.#o# #.#.#.
.# .# #. #.


You could see a hornet (burning) and an orc warrior (wandering).

Vanquished Creatures
  A hippogriff (D:7)
  Prince Ribbit (D:7)
  A water moccasin (D:7)
  An ice beast (D:6)
  A black bear (D:6)
  A necrophage (D:6)
  A sky beast (D:6)
  6 ogres
  A phantom (D:6)
  2 centaurs
  The ghost of Goblin1989 the Sneak, an amateur OpAs (D:4)
  2 big kobolds (D:6)
  A bullfrog (D:6)
  3 scorpions
  A jelly (D:5)
  3 orc priests (D:4)
  2 hounds (D:4)
  7 orc wizards
  2 iguanas
  3 worker ants
  9 adders
  A shadow imp (D:6)
  2 worms
  5 dart slugs
  3 leopard geckos
  15 orcs
  2 ball pythons (D:2)
  6 bats
  5 giant cockroaches
  7 goblins
  11 hobgoblins
  9 jackals
  5 quokkas
  3 frilled lizards
  A jackal zombie (D:7)
  10 kobolds
  A leopard gecko skeleton (D:4)
  7 rats
143 creatures vanquished.

Notes
Turn   | Place    | Note
-------+----------+-------------------------------------------
     0 | D:1      | nikopol the Deep Elf Fire Elementalist began the quest for the Orb.
     0 | D:1      | Reached XP level 1. HP: 10/10 MP: 6/6
   363 | D:1      | Reached XP level 2. HP: 15/15 MP: 4/8
  1391 | D:2      | Reached XP level 3. HP: 19/19 MP: 8/10
  1395 | D:2      | Learned a level 2 spell: Throw Flame
  1399 | D:2      | Learned a level 3 spell: Conjure Flame
  1910 | D:2      | Reached skill level 4 in Spellcasting
  2076 | D:2      | Reached XP level 4. HP: 24/24 MP: 8/12
  2080 | D:2      | Found a shadowy altar of Dithmenos.
  2091 | D:2      | Found a stormy altar of Qazlal.
  2098 | D:2      | Found a hazy altar of Hepliaklqana.
  2309 | D:3      | Found a blossoming altar of Fedhas.
  2452 | D:3      | Learned a level 4 spell: Sticky Flame
  2473 | D:3      | Found a radiant altar of Vehumet.
  2484 | D:3      | Became a worshipper of Vehumet
  3080 | D:4      | Found Curo's Assorted Antiques.
  3080 | D:4      | Noticed an ogre
  3088 | D:3      | Killed an ogre
  3088 | D:3      | Reached skill level 5 in Spellcasting
  3088 | D:3      | Reached XP level 5. HP: 28/28 MP: 8/14
  3124 | D:4      | Noticed an ogre
  3132 | D:4      | Killed an ogre
  3132 | D:4      | Reached XP level 6. HP: 32/32 MP: 1/16
  3235 | D:4      | Found a basalt altar of Yredelemnul.
  3244 | D:4      | Reached skill level 5 in Fire Magic
  3424 | D:4      | Reached skill level 6 in Spellcasting
  3482 | D:4      | Reached XP level 7. HP: 25/36 MP: 4/18
  3507 | D:4      | Noticed Goblin1989's ghost (amateur OpAs)
  3721 | D:3      | Learned a level 5 spell: Fireball
  3793 | D:4      | Reached * piety under Vehumet
  3793 | D:4      | Offered knowledge of Sting by Vehumet.
  4033 | D:4      | Reached skill level 7 in Spellcasting
  4223 | D:4      | Found a staircase to the Ecumenical Temple.
  4286 | D:4      | Reached skill level 5 in Conjurations
  4317 | D:4      | Killed Goblin1989's ghost
  4670 | D:5      | Entered Level 5 of the Dungeon
  4789 | D:5      | Reached XP level 8. HP: 41/41 MP: 14/21
  4839 | D:5      | Reached skill level 8 in Spellcasting
  5185 | D:5      | Found a snail-covered altar of Cheibriados.
  5676 | D:6      | Reached skill level 9 in Spellcasting
  5751 | D:6      | Reached skill level 1 in Shields
  6118 | D:6      | Offered knowledge of Freeze by Vehumet.
  6144 | D:6      | Reached ** piety under Vehumet
  6274 | D:6      | Reached XP level 9. HP: 28/45 MP: 19/24
  6490 | D:6      | Found a glowing silver altar of Zin.
  6491 | D:6      | Found an opulent altar of Gozag.
  6682 | D:7      | Noticed Prince Ribbit
  6693 | D:7      | Reached skill level 10 in Spellcasting
  6817 | D:7      | Found a burning altar of Makhleb.
  6817 | D:7      | Found a shimmering altar of Xom.
  6860 | D:7      | Killed Prince Ribbit
  6946 | D:7      | Paralysed by a hornet for 2 turns
  6950 | D:7      | Paralysed by a hornet for 3 turns
  6950 | D:7      | Slain by a hornet

Vault maps used:
D:1:      elethiomel_arrival_quiet
D:2:      minmay_overflow_temple_star_quad
D:3:      fedhas_altar_2, vehumet_crystals, first_ration, kennysheep_potato
D:4:      minmay_temple_entry_statues, serial_shops, shop,
          yredelemnul_altar_generic
D:5:      nicolae_overflow_hidden_temple
D:6:      cheibrodos_thug_alley, grunt_temple_overflow_gold_and_silver
D:7:      grunt_temple_overflow_champion_of_chaos, basic_altar,
          minmay_misc_feat_room, uniq_prince_ribbit1

Skill      XL: |  1  2  3  4  5  6  7  8  9 |
---------------+----------------------------+-----
Fire Magic     | 4 5 6 7 8 |  8.0
Conjurations   | 2 3 4 5 6 7 |  7.2
Spellcasting   | 4 5 6 7 9 10 | 10.2
Stealth        | 3 4 |  4.2
Dodging        | 3 |  3.3
Shields        | 1 2 |  2.4
Fighting       | |  0.5

Action                   |  1- 3 |  4- 6 |  7- 9 || total
-------------------------+-------+-------+-------++-------
Melee: Unarmed           |     2 |       |     1 ||     3
 Cast: Flame Tongue      |    79 |    67 |   126 ||   272
       Throw Flame       |       |    11 |    15 ||    26
       Conjure Flame     |       |     2 |     7 ||     9
       Sticky Flame      |       |     3 |    21 ||    24
       Fireball          |       |       |     4 ||     4
  Use: Scroll            |       |       |     1 ||     1
       Potion            |       |       |     1 ||     1
  Eat: Chunk             |     3 |     5 |     8 ||    16
       Ration            |       |       |     1 ||     1
Armor: Robe              |     6 |     2 |     8 ||    16
Dodge: Dodged            |    34 |     8 |    35 ||    77
Block: Buckler           |       |       |     4 ||     4

Table legend:
 A = Spawn XP
 B = Non-spawn XP
 C = Spawn XP percentage of total XP
 D = Spawn monster count
 E = Non-spawn monster count
 F = Spawn count percentage of total count
 G = Total turns spent on level
                    A         B        C        D         E        F      G
               +---------+---------+-------+---------+---------+-------+---------
         Total |       0 |    3869 |   0.0 |       0 |     143 |   0.0 |  6950
               +---------+---------+-------+---------+---------+-------+---------
           D:1 |       0 |      37 |   0.0 |       0 |      18 |   0.0 |  1334
           D:2 |       0 |      78 |   0.0 |       0 |      24 |   0.0 |   913
           D:3 |       0 |     243 |   0.0 |       0 |      23 |   0.0 |  1331
           D:4 |       0 |    1015 |   0.0 |       0 |      29 |   0.0 |  1130
           D:5 |       0 |     473 |   0.0 |       0 |      13 |   0.0 |   879
           D:6 |       0 |    1182 |   0.0 |       0 |      28 |   0.0 |   952
           D:7 |       0 |     841 |   0.0 |       0 |       8 |   0.0 |   411
               +---------+---------+-------+---------+---------+-------+---------
